 Dungeon Crawl Stone Soup version 0.29.1-15-g9cfb28693d (webtiles) character file.

Game seed: 10350028715196073569

44 H0rd4k the Charlatan (level 3, -2/27 HPs)
             Began as a Human Artificer on Apr 14, 2023.
             Slain by an adder (3 damage)
             ... on level 3 of the Dungeon.
             The game lasted 00:01:10 (2152 turns).

H0rd4k the Charlatan (Human Artificer)              Turns: 2152, Time: 00:01:11

Health: -2/27      AC:  6    Str: 12    XL:     3   Next: 87%
Magic:  3/3        EV: 10    Int: 13    God:
Gold:   113        SH:  0    Dex: 13    Spells: 2/2 levels left

rFire   . . .      SeeInvis .   a - +0 club
rCold   . . .      Faith    .   (no shield)
rNeg    . . .      Spirit   .   h - +1 ring mail {rPois}
rPois   +          Reflect  .   (no helmet)
rElec   .          Harm     .   (no cloak)
rCorr   .          Rampage  .   (no gloves)
Will    .....                   (no boots)
Stlth   +.........              (no amulet)
HPRegen 0.09/turn               (no ring)
MPRegen 0.08/turn               (no ring)

@: no status effects
A: no striking features
a: no special abilities


You were on level 3 of the Dungeon.
You visited 1 branch of the dungeon, and saw 3 of its levels.

You collected 113 gold pieces.

Inventory:

Hand Weapons
 a - a +0 club (weapon)
Missiles
 p - 2 poisoned darts
Armour
 h - a +1 ring mail of poison resistance (worn)
Jewellery
 i - a ring of willpower
Wands
 c - a wand of flame (15) (quivered)
 d - a wand of charming (14)
 e - a wand of iceblast (5)
Scrolls
 b - 2 scrolls of identify {unknown}
 f - a scroll of silence {unknown}
 j - 3 scrolls of teleportation {unknown}
 k - a scroll of enchant armour {unknown}
Potions
 g - a potion of curing {unknown}
 l - 2 potions of magic {unknown}
 m - a potion of might {unknown}
 n - a potion of cancellation {unknown}
 o - a potion of ambrosia {unknown}


   Skills:
 * Level 2.0 Fighting
 + Level 1.1 Maces & Flails
 - Level 2.0 Armour
 + Level 1.0 Dodging
 + Level 1.0 Stealth
 + Level 3.7 Evocations


You had 2 spell levels left.
You didn't know any spells.
Your spell library contained the following spells:

 Spells                   Type           Power      Damage    Failure   Level
 Slow                     Hex            0%         N/A       56%         1
 Confusing Touch          Hex            0%         N/A       90%         3
 Vampiric Draining        Necr           0%         2d6       90%         3


Dungeon Overview and Level Annotations

Branches:
Dungeon (3/15)

Altars:
Hepliaklqana


Message History

You are too injured to fight recklessly!
The ogre attacks as you move away! The ogre barely misses you.
Aiming: Charm
Press: ? - help, Shift-Dir - straight line, f - ogre
Aim: an ogre, wielding a +0 giant club (lightly wounded, chance to affect: 59%)
The ogre is charmed.
What are your orders? t - Shout!
Orders for allies: a - Attack new target. p - Attack previous target. r - Retreat! s - Stop attacking. g - Guard the area. f - Follow me.
Anything else - Cancel.
Guard this area!
Found a grey potion.
An adder comes into view.
The adder hisses angrily.
The adder bites you but does no damage. The adder barely misses you.
The adder closely misses you.
You barely miss the adder. The adder bites you.
You are poisoned.
The adder poisons you! The adder bites you but does no damage.
You closely miss the adder.
* * * LOW HITPOINT WARNING * * *
You feel sick. The adder bites you but does no damage.
You hit the adder but do no damage.
* * * LOW HITPOINT WARNING * * *
You feel sick. The adder barely misses you. The adder closely misses you.
You barely miss the adder.
* * * LOW HITPOINT WARNING * * *
You feel sick. The adder closely misses you.
The adder bites you but does no damage.
You barely miss the adder.
* * * LOW HITPOINT WARNING * * *
You feel sick. The adder bites you but does no damage.
You barely miss the adder.
* * * LOW HITPOINT WARNING * * *
You feel sick.
You are no longer poisoned.
The adder closely misses you. The adder bites you.
You die...

#.#########.###
#.# #...# #.#
###.# #.# #.#
#.### ####.#
#...# #.!..#
#<#.# ####.##.#
# #.#.#
#.....S.#.#+###
#...#
......#@.......
#####
......#.##.....
..... #.. ....
..... #.## ...
.... #.# ..
.... #.# . #.#
...


You could see an adder.

Vanquished Creatures
  An adder (D:2)
  2 dart slugs (D:1)
  2 ball pythons (D:1)
  4 bats
  An endoplasm (D:3)
  A giant cockroach (D:1)
  3 goblins (D:1)
  5 hobgoblins
  3 frilled lizards
  3 kobolds (D:1)
  6 rats
31 creatures vanquished.

Notes
Turn   | Place    | Note
-------+----------+-------------------------------------------
     0 | D:1      | H0rd4k the Human Artificer began the quest for the Orb.
     0 | D:1      | Reached XP level 1. HP: 15/15 MP: 1/1
   234 | D:1      | Reached XP level 2. HP: 18/21 MP: 2/2
   871 | D:1      | Found a faded altar of an unknown god.
  1008 | D:1      | Reached XP level 3. HP: 18/26 MP: 3/3
  1399 | D:2      | Found a hazy altar of Hepliaklqana.
  1644 | D:2      | Reached skill level 1 in Maces & Flails
  2131 | D:3      | Noticed an ogre
  2152 | D:3      | HP: 1/27 [poisoned by an adder]
  2152 | D:3      | Slain by an adder

Illustrated notes

Levels and vault maps discovered:
D:1:      dpeg_arrival_connections, layout_rooms, ebering_ecumenical_altar_mist
D:2:      layout_loops_cross, basic_altar, minmay_misc_feat_square,
          chequers_serial_rivers_marsh
D:3:      layout_basic, minmay_statues_item, uniq_terence, uniq_jessica,
          uniq_crazy_yiuf_cottage

Skill      XL: |  1  2  3 |
---------------+----------+-----
Fighting       | 2 |  2.0
Maces & Flails | 1 |  1.1
Armour         | |  2.0
Dodging        | |  1.0
Stealth        | |  1.0
Evocations     | |  3.7

Action                   || total
-------------------------++-------
Melee: Club              ||   147
       Punch             ||     1
Evoke: Wand              ||     1
 Stab: Sleeping          ||     1
Armor: Leather armour    ||    17
       Ring mail         ||    57
Dodge: Dodged            ||    86
